 Dungeon Crawl Stone Soup version 0.31-a0-486-g8d68a81214 (webtiles) character file.

Game seed: 13622455307526475544

718 BigDaddyOpFi the Ruffian (level 7, 0/6 HPs)
             Began as a Troll Shapeshifter on Aug 3, 2023.
             Shot with an arrow by a centaur (4 damage)
             ... on level 5 of the Dungeon on Aug 7, 2023.
             The game lasted 00:06:03 (3568 turns).

BigDaddyOpFi the Ruffian (Troll Shapeshifter)       Turns: 3568, Time: 00:06:03

Health: 0/6        AC:  5    Str: 26    XL:     7   Next: 42%
Magic:  0/6        EV: 10    Int:  4    God:
Gold:   126        SH:  0    Dex: 10    Spells: 6/6 levels left

rFire   . .          .
                       - Unarmed
rCold   + . .        (no shield)
rNeg    + + +        a - +0 animal skin
rPois   ∞            (helmet restricted)
rElec   .            w - +0 cloak
rCorr   .            (gloves unavailable)
SInv    .            (boots unavailable)
Will    +....        j - amulet of guardian spirit
Stlth   +            (no ring)
HPRegen 1.01/turn    (no ring)
MPRegen 0.10/turn

%: guardian spirit
@: death-form
A: vile attack, torment immunity, no potions, reduced hp, large, unfitting
armour, claws 3, regeneration 1, shaggy fur 1, tough skin 1
a: Siphon Essence, Begin Untransformation


You were on level 5 of the Dungeon.
You were an undying horror.
You visited 1 branch of the dungeon, and saw 5 of its levels.
You also visited: Sewer.

You collected 126 gold pieces.

Inventory:

Hand Weapons
 v - a +2 quarterstaff of chaos
 x - a +2 hammer of protection
 y - a +1 giant spiked club of chaos
Armour
 a - a +0 animal skin (worn)
 w - a +0 cloak (worn)
Jewellery
 h - an amulet of magic regeneration
 j - an amulet of guardian spirit (around neck)
Talismans
 c - a beast talisman
 q - a talisman of death (active)
Scrolls
 i - a scroll of teleportation
 l - 2 scrolls of amnesia
 n - a scroll of poison
 u - a scroll of butterflies
Potions
 b - 2 potions of haste {unknown}
 d - 2 potions of invisibility
 e - 2 potions of heal wounds
 g - 2 potions of might {unknown}
 k - a potion of ambrosia {unknown}
 m - 2 potions of resistance {unknown}
 p - a potion of enlightenment {unknown}
 r - a potion of brilliance {unknown}
 s - a potion of curing {unknown}
 z - a potion of mutation {unknown}


   Skills:
 + Level 3.2 Fighting
 * Level 1.7 Maces & Flails
 + Level 3.5 Dodging
 + Level 4.8 Unarmed Combat
 + Level 4.4 Shapeshifting


You had 6 spell levels left.
You didn't know any spells.
Your spell library contained the following spells:

 Spells                   Type           Power      Damage    Failure   Level
 Freeze                   Ice            0%         1d3       50%         1
 Summon Small Mammal      Summ           0%         N/A       50%         1
 Call Canine Familiar     Summ           0%         N/A       86%         3
 Frozen Ramparts          Ice            0%         1d1       86%         3
 Hailstorm                Conj/Ice       0%         3d3       86%         3
 Summon Guardian Golem    Hex/Summ       0%         N/A       86%         3


Dungeon Overview and Level Annotations

Branches:
Dungeon (5/15)              Sewer (visited)
 Temple: D:4-7

Altars:
Elyvilon
Gozag
Wu Jian


Innate Abilities, Weirdness & Mutations

You are an undying horror.
Your melee and unarmed attacks drain, slow and weaken victims.
You are immune to unholy pain and torment.
You cannot drink.
Your maximum health is decreased, since you lack skill for your form.
You are immune to poison.
You are too large for most types of armour.
You have claws for hands.
Your natural rate of healing is unusually fast.
You are covered in fur. (AC +1)
You have tough skin. (AC +1)


Message History

a +0 mace; an orc corpse The ufetubus hits you.
The ufetubus closely misses you. The gnoll hits you but does no damage.
You scratch the gnoll.
The gnoll decays.
The gnoll is lightly wounded.
The ufetubus hits you but does no damage.
The ufetubus closely misses you. The gnoll barely misses you.
The ufetubus closely misses you.
The ufetubus hits you but does no damage.
You barely miss the gnoll.
The gnoll is lightly wounded.
The ufetubus hits you. The ufetubus barely misses you.
The gnoll closely misses you.
You cannot drink potions in your current state!
Okay, then.
You claw the gnoll!
You kill the gnoll!
The ufetubus hits you but does no damage.
The ufetubus hits you. The ufetubus closely misses you.
The ufetubus barely misses you.
Unknown command.
You mangle the ufetubus!!
You kill the ufetubus!
Things that are here:
a +0 mace; an orc corpse
There is a stone staircase leading up here.
There is a stone staircase leading up here.
Things that are here:
a +0 shortbow; a centaur skeleton You open the door.
A centaur, an orc, an iguana and a water moccasin come into view.
The centaur wields a +0 shortbow.
The centaur shoots an arrow.
The arrow hits you.
Ouch! That really hurt!
The iguana hisses angrily.
Found a robe.
The orc shouts!
The centaur shoots an arrow.
The arrow hits you.
Ouch! That really hurt!
You die...

##.....####.#...#
##...## #.#..<# ##.##
#.#.).# #.# ##.#...#
.. +#.#+ ##..#)..#
....###...###...#...#
........8...........#
....###...###.......#
.. #.z#.#+ ##..#.†.#
#co.#.# ##)#...#
#lS.##.# #.#...# #[.#
... #.#...# ###
....####5##...
.....g)).##....
g.....#####.....
#####


You could see a water moccasin, a centaur, an iguana and an orc.

Vanquished Creatures
  An ogre (D:4)
  A centaur (D:5)
  2 kobold brigands (Sewer)
  A scorpion (D:4)
  Crazy Yiuf (D:3)
  An orc priest (D:5)
  An iguana (D:4)
  3 adders
  4 gnolls
  9 river rats (Sewer)
  An ufetubus (D:5)
  2 dart slugs
  10 orcs
  7 ball pythons
  6 bats
  2 endoplasms
  5 giant cockroaches
  8 goblins
  6 hobgoblins
  7 jackals (D:1)
  2 quokkas
  5 frilled lizards
  23 kobolds
  25 rats
133 creatures vanquished.

Notes
Turn   | Place    | Note
-------+----------+-------------------------------------------
     0 | D:1      | BigDaddyOpFi the Troll Shapeshifter began the quest for the
                  | Orb.
     0 | D:1      | Reached XP level 1. HP: 18/18 MP: 0/0
    31 | D:1      | Reached skill level 1 in Fighting
    77 | D:1      | Reached XP level 2. HP: 26/27 MP: 1/1
   197 | D:1      | Reached XP level 3. HP: 33/33 MP: 2/2
   986 | D:3      | Found an opulent altar of Gozag.
  1021 | D:3      | Reached XP level 4. HP: 41/41 MP: 3/3
  1098 | D:3      | Found a glowing drain.
  1102 | Sewer    | Entered a sewer
  1222 | Sewer    | Noticed a kobold brigand
  1231 | Sewer    | Killed a kobold brigand
  1232 | Sewer    | Reached XP level 5. HP: 49/49 MP: 4/4
  1785 | Sewer    | Reached XP level 6. HP: 53/59 MP: 5/5
  2175 | D:3      | Found a runed translucent door.
  2176 | D:3      | Noticed Crazy Yiuf
  2314 | D:3      | Killed Crazy Yiuf
  2621 | D:4      | Found an ornate altar of the Wu Jian Council.
  2636 | D:4      | Reached XP level 7. HP: 37/67 MP: 3/6
  2787 | D:4      | Upgraded the game from 0.31-a0-455-g1a7b003ef0 to
                  | 0.31-a0-486-g8d68a81214
  2808 | D:4      | Found a white marble altar of Elyvilon.
  3178 | D:5      | Entered Level 5 of the Dungeon
  3184 | D:5      | Reached skill level 1 in Maces & Flails
  3568 | D:5      | Shot with an arrow by a centaur

Illustrated notes

Levels and vault maps discovered:
D:1:      psy_arrival_statuary, layout_basic
D:2:      layout_rooms, minmay_misc_feat_roman
D:3:      layout_rooms, overflow_temple_1_default, gup_sewer_entry_bowl,
          uniq_crazy_yiuf_cottage
D:4:      layout_basic, mainiacjoe_overflow_catch_the_wave
D:5:      cheibrodos_barr_body, layout_basic

Skill      XL: |  1  2  3  4  5  6  7 |
---------------+----------------------+-----
Fighting       | 1 2 3 |  3.2
Dodging        | 2 3 |  3.5
Unarmed Combat | 4 |  4.8
Shapeshifting  | 4 |  4.4
Maces & Flails | 1 |  1.7

Action                     |  1- 3 |  4- 6 |  7- 9 || total
---------------------------+-------+-------+-------++-------
  Melee: Unarmed           |    97 |   151 |    25 ||   273
         Punch             |     1 |     4 |       ||     5
         Giant spiked club |       |     6 |     7 ||    13
    Use: Scroll            |     3 |       |     7 ||    10
         Potion            |       |     4 |       ||     4
   Stab: Sleeping          |     2 |       |       ||     2
         Invisible         |       |     1 |       ||     1
 Armour: Animal skin       |    29 |    62 |    12 ||   103
         Skin              |       |    23 |       ||    23
  Dodge: Dodged            |    44 |   108 |    31 ||   183
   Form: Death             |       |       |     1 ||     1

Table legend: (Time is in decaauts)
 A = Elapsed time spent in this place.
 B = Non-inter-level travel time spent in this place.
 C = Inter-level travel time spent in this place.
 D = Time resting spent in this place.
 E = Time spent auto-exploring this place.
 F = Levels seen in this place.
 G = Mean time per level.
                   A        B        C        D        E       F      G
               +--------+--------+--------+--------+--------+-----+--------+
         Total |   3562 |   3405 |    157 |    736 |   1868 |   6 |  593.7 |
       Dungeon |   2724 |   2567 |    157 |    394 |   1563 |   5 |  544.8 |
         Sewer |    838 |    838 |      0 |    342 |    305 |   1 |  838.0 |
               +--------+--------+--------+--------+--------+-----+--------+

Top non-repeatable levels by time:
     D:4: 1056 daAuts
   Sewer: 838 daAuts
     D:3: 623 daAuts
     D:1: 535 daAuts
     D:2: 377 daAuts
     D:5: 131 daAuts
